 Dungeon Crawl Stone Soup version 0.29-a0-834-g1e95ca9f62 (webtiles) character file.

Game seed: 180113956690758130

53 LynnLen the Sneak (level 3, -5/26 HPs)
             Began as a Vampire Enchanter on July 12, 2022.
             Slain by an iron imp (9 damage)
             ... summoned by Natasha
             ... on level 2 of the Dungeon.
             The game lasted 00:02:28 (692 turns).

LynnLen the Sneak (Vampire Enchanter)                Turns: 692, Time: 00:02:28

Health: -5/26      AC:  3    Str:  7    XL:     3   Next: 62%
Magic:  6/6        EV: 13    Int: 17    God:
Gold:   42         SH:  0    Dex: 16    Spells: 6/6 levels left

rFire   . . .      SeeInvis +   a - +1 dagger
rCold   . . .      Faith    .   (no shield)
rNeg    . . .      Spirit   .   b - +0 robe
rPois   .          Reflect  .   d - +1 hat
rElec   .          Harm     .   (no cloak)
rCorr   .          Rampage  .   (no gloves)
Will    .....                   (no boots)
Stlth   +++.......              (no amulet)
HPRegen 0.28/turn               (no ring)
MPRegen 0.10/turn               (no ring)

@: healing quickly
A: alive, fangs 3, see invisible, vampiric 2
a: Exsanguinate


You were on level 2 of the Dungeon.
You visited 1 branch of the dungeon, and saw 2 of its levels.

You collected 42 gold pieces.

Inventory:

Hand Weapons
 a - a +1 dagger (weapon)
Missiles
 e - 13 stones (quivered)
 j - 8 poisoned darts
Armour
 b - a +0 robe (worn)
 d - a +1 hat (worn)
Jewellery
 k - an amulet of guardian spirit
Scrolls
 g - a scroll of torment {unknown}
 h - 2 scrolls of identify {unknown}
Potions
 c - a potion of invisibility
 f - a potion of curing {unknown}
 i - a potion of berserk rage {unknown}


   Skills:
 * Level 1.2 Fighting
 * Level 2.1 Short Blades
 + Level 2.6 Dodging
 + Level 5.6 Stealth
 - Level 2.0 Spellcasting
 - Level 4.4 Hexes


You had 6 spell levels left.
You didn't know any spells.
Your spell library contained the following spells:

 Spells                   Type           Power      Damage    Failure   Level
 Confusing Touch          Hex            16%        N/A       10%         3
 Tukima's Dance           Hex            16%        N/A       10%         3
 Ensorcelled Hibernation  Hex/Ice        18%        N/A       12%         2
 Apportation              Tloc           2%         N/A       19%         1
 Necrotise                Necr           4%         1d4       19%         1
 Summon Small Mammal      Summ           4%         N/A       19%         1
 Dazzling Flash           Conj/Hex       18%        N/A       24%         3


Dungeon Overview and Level Annotations

Branches:
Dungeon (2/15)

Altars:

Annotations:
D:2 Natasha


Innate Abilities, Weirdness & Mutations

Your natural rate of healing is accelerated.
You have razor-sharp teeth.
You have supernaturally acute eyesight. (SInv)
You are afflicted with vampirism and can become a bat while bloodless.


Message History

You kill the quokka!
You see here a quokka corpse.
Natasha, Servant of Life and Death comes into view.
You see here a quokka corpse.
h - 2 scrolls labelled RONTIA VOBAR (gained 1)
k - an amulet of guardian spirit
Found a stone staircase leading up.
Natasha hisses angrily.
A rat comes into view.
A rat is nearby!
You hit Natasha.
Natasha is lightly wounded.
Natasha mumbles some strange words.
You hit Natasha.
Natasha is moderately wounded.
Natasha closely misses you.
You hit Natasha.
Natasha is heavily wounded.
The iron imp closely misses you.
You closely miss Natasha.
Natasha is heavily wounded.
Natasha casts a spell.
The iron imp barely misses you.
You barely miss Natasha. You bite Natasha.
Natasha is severely wounded.
Natasha claws you. The rat bites you but does no damage.
You hit Natasha. Your bite misses Natasha.
Natasha is severely wounded.
The iron imp misses you. Natasha completely misses you.
The rat closely misses you.
You closely miss Natasha.
Natasha is severely wounded.
Natasha mewls in sadness.
Natasha misses you. The iron imp hits you! The rat bites you.
You closely miss Natasha.
Natasha is severely wounded.
Natasha claws you!
* * * LOW HITPOINT WARNING * * *
The rat closely misses you. The iron imp hits you!
You die...

.. .<. #.. # ..##
#. #..## #.### #...
. ...# ###.####...
#####.###...r(.....
#..........@h5.....
#.......##5##......
#....#.###.# .....
######.###.## ###.#
#......# .#
#####..##### .#
##......##.# .#
#..###.....# #.##
##.## #.....# ...


You could see an iron imp (summoned), Natasha, a shadow imp (summoned) and a
rat.

Vanquished Creatures
  Natasha (D:2)
  A dart slug (D:1)
  3 endoplasms (D:1)
  A giant cockroach (D:1)
  3 goblins (D:1)
  A hobgoblin (D:1)
  3 quokkas
  3 ball pythons (D:1)
  3 bats
  A frilled lizard (D:1)
  2 kobolds (D:1)
  2 rats
24 creatures vanquished.

Notes
Turn   | Place    | Note
-------+----------+-------------------------------------------
     0 | D:1      | LynnLen the Vampire Enchanter began the quest for the Orb.
     0 | D:1      | Reached XP level 1. HP: 13/13 MP: 3/3
   142 | D:1      | Reached XP level 2. HP: 17/20 MP: 5/5
   278 | D:1      | Reached skill level 5 in Stealth
   403 | D:1      | Reached skill level 1 in Fighting
   581 | D:2      | Noticed Natasha
   582 | D:2      | Killed Natasha
   583 | D:2      | Gained mutation: You are afflicted with vampirism and can
                  | become a bat while bloodless. [Vampire growth]
   583 | D:2      | Reached XP level 3. HP: 25/26 MP: 6/6
   653 | D:2      | Noticed Natasha
   692 | D:2      | Slain by an iron imp

Illustrated notes

Levels and vault maps discovered:
D:1:      doesnt_arrival_eight_statues, layout_basic, serial_bayou_pond_c
D:2:      layout_rooms, uniq_natasha, uniq_crazy_yiuf_cottage

Skill      XL: |  1  2 |
---------------+-------+-----
Stealth        | 5 |  5.6
Fighting       | 1 |  1.2
Short Blades   | 2 |  2.1
Dodging        | |  2.6
Spellcasting   | |  2.0
Hexes          | |  4.4

Action                   || total
-------------------------++-------
Melee: Dagger            ||    75
       Bite              ||     8
  Use: Potion            ||     1
 Stab: Sleeping          ||     8
Armor: Robe              ||    26
Dodge: Dodged            ||    52

Table legend: (Time is in decaauts)
 A = Elapsed time spent in this place.
 B = Non-inter-level travel time spent in this place.
 C = Inter-level travel time spent in this place.
 D = Time resting spent in this place.
 E = Time spent auto-exploring this place.
 F = Levels seen in this place.
 G = Mean time per level.
                   A        B        C        D        E       F      G
               +--------+--------+--------+--------+--------+-----+--------+
         Total |    687 |    687 |      0 |     54 |    280 |   2 |  343.5 |
       Dungeon |    687 |    687 |      0 |     54 |    280 |   2 |  343.5 |
               +--------+--------+--------+--------+--------+-----+--------+

Top non-repeatable levels by time:
     D:1: 578 daAuts
     D:2: 108 daAuts
